 Dungeon Sprint DCSS version 0.26-a0-597-gb535b0901c (webtiles) character file.

Game seed: 13817584128846386162

1817 HoaS the Brawler (level 9, -6/86 HPs)
             Began as a Ghoul Gladiator on Sept 6, 2020.
             Was an Elder of Makhleb.
             Mangled by a five-headed hydra (11 damage)
             ... in the Dungeon (Sprint IX: "|||||||||||||||||||||||||||||").
             The game lasted 00:02:48 (813 turns).

HoaS the Brawler (Ghoul Gladiator)                   Turns: 813, Time: 00:02:48

Health: -6/86      AC: 12    Str: 21    XL:     9   Next: 10%
Magic:  8/8        EV: 14    Int:  6    God:    Makhleb [****..]
Gold:   0          SH:  0    Dex: 10    Spells: 8/8 levels left

rFire    . . .     SeeInvis .     - Unarmed
rCold    + . .     Faith    .   (no shield)
rNeg     + + +     Spirit   .   n - +2 ring mail
rPois    ∞         Reflect  .   b - +0 helmet
rElec    .         Harm     .   m - +0 cloak
rCorr    .         NoTele   +   (no gloves)
MR       .....                  (no boots)
Stlth    ..........             (no amulet)
HPRegen  0.00/turn              o - +2 ring of protection
MPRegen  0.11/turn              p - +3 ring of intelligence

@: mighty
A: rotting body, claws 1, cold resistance 1, negative energy resistance 3,
inhibited regeneration, torment resistance, unbreathing
a: Minor Destruction, Lesser Servant of Makhleb, Major Destruction, Renounce
Religion


You were in the Dungeon.
You worshipped Makhleb.
Makhleb was greatly pleased with you.
You visited 1 branch

Inventory:

Missiles
 c - 3 throwing nets (quivered)
Armour
 b - a +0 helmet (worn)
 m - a +0 cloak (worn)
 n - a +2 ring mail (worn)
Jewellery
 o - a +2 ring of protection (left claw)
 p - a +3 ring of intelligence (right claw)
Wands
 l - a wand of iceblast (10)
Scrolls
 h - 2 scrolls of blinking
 j - 4 scrolls of remove curse
 k - 2 scrolls of amnesia
 t - 4 scrolls of enchant weapon
 u - a scroll of fog
 v - 2 scrolls of enchant armour
Potions
 a - 2 potions of brilliance
 d - 5 potions of curing
 e - 5 potions of heal wounds
 f - a potion of haste
 g - 4 potions of magic
 i - a potion of invisibility
 r - a potion of stabbing


   Skills:
 * Level 10.8 Fighting
 - Level 1.7 Throwing
 + Level 6.1 Armour
 + Level 6.9 Dodging
 * Level 15.2 Unarmed Combat


You had 8 spell levels left.
You didn't know any spells.
Your spell library was empty.

Dungeon Overview and Level Annotations

Branches:
Dungeon (1/1)

Altars:
Cheibriados
Dithmenos
Elyvilon
Fedhas
Gozag
Hepliaklqana
Kikubaaqudgha
Makhleb
Nemelex Xobeh
Okawaru
Qazlal
Ru
Sif Muna
Trog
Uskayaw
Vehumet
Wu Jian
Xom
Yredelemnul
Zin
The Shining One
Beogh
Jiyva
Lugonu


Innate Abilities, Weirdness & Mutations

Your body is rotting away.
You thrive by killing the living.
You are immune to poison.
You have sharp fingernails.
Your flesh is cold resistant. (rC+)
You are immune to negative energy. (rN+++)
You do not regenerate when monsters are visible.
You are immune to unholy pain and torment.
You can survive without breathing.


Message History

The bullfrog swells and bulges.
The five-headed hydra bites you. The five-headed hydra bites you! x2
The five-headed hydra bites you. The five-headed hydra bites you!
You mangle the five-headed hydra!!
The five-headed hydra is heavily wounded.
You claw the five-headed hydra!
The five-headed hydra is severely wounded.
The five-headed hydra bites you. The five-headed hydra bites you!
* * * LOW HITPOINT WARNING * * *
The five-headed hydra bites you.
* * * LOW HITPOINT WARNING * * *
The five-headed hydra barely misses you.
The five-headed hydra bites you!
* * * LOW HITPOINT WARNING * * *
You completely miss the five-headed hydra.
The five-headed hydra is severely wounded.
The five-headed hydra closely misses you.
The five-headed hydra barely misses you.
The five-headed hydra misses you. The five-headed hydra bites you!
You die...

▓▓▓▓▓▓▓▓▓▓▓▓▓▓▓▓▓▓▓▓▓▓▓▓
...'......[(....@DtFFF..
▓▓▓▓▓▓▓▓▓▓▓▓▓▓▓▓▓▓▓▓▓▓▓▓▓▓▓▓▓▓▓▓▓
.................................
▓▓▓▓▓▓▓▓▓▓▓▓▓▓▓▓▓▓▓▓▓▓▓▓▓▓▓▓▓▓▓▓▓
'÷.÷..†.....'____________________
▓▓▓▓▓▓▓▓▓▓▓▓▓▓▓▓▓▓▓▓▓▓▓▓▓▓▓▓▓▓▓▓▓


You could see a five-headed hydra, a cane toad, a crocodile and 2 bullfrogs.

Vanquished Creatures
  2 ugly things (D)
  A cane toad (D)
  A yak (D)
  A sky beast (D)
  2 ogres (D)
  2 bullfrogs (D)
  A wight (D)
  A howler monkey (D)
  2 hounds (D)
  A jelly (D)
  2 worker ants (D)
  2 adders (D)
  A dart slug (D)
  2 bats (D)
  A bat zombie (D)
  A goblin (D)
  A hobgoblin (D)
24 creatures vanquished.

Notes
Turn   | Place    | Note
-------+----------+-------------------------------------------
     0 | D        | HoaS the Ghoul Gladiator began the quest for the Orb.
     0 | D        | Reached XP level 1. HP: 17/17 MP: 0/0
     5 | D        | Reached skill level 4 in Unarmed Combat
    14 | D        | Reached skill level 5 in Unarmed Combat
    18 | D        | Reached XP level 2. HP: 14/24 MP: 1/1
   160 | D        | Noticed a howler monkey
   164 | D        | Killed a howler monkey
   164 | D        | Reached skill level 8 in Unarmed Combat
   164 | D        | Reached XP level 3. HP: 20/29 MP: 2/2
   171 | D        | Reached skill level 9 in Unarmed Combat
   171 | D        | Reached XP level 4. HP: 24/36 MP: 3/3
   177 | D        | Reached skill level 10 in Unarmed Combat
   351 | D        | Found a roughly hewn altar of Beogh.
   351 | D        | Found a snail-covered altar of Cheibriados.
   351 | D        | Found a shadowy altar of Dithmenos.
   351 | D        | Found a white marble altar of Elyvilon.
   351 | D        | Found a blossoming altar of Fedhas.
   351 | D        | Found an opulent altar of Gozag.
   352 | D        | Found a hazy altar of Hepliaklqana.
   353 | D        | Found a viscous altar of Jiyva.
   354 | D        | Found an ancient bone altar of Kikubaaqudgha.
   355 | D        | Found a corrupted altar of Lugonu.
   356 | D        | Found a burning altar of Makhleb.
   357 | D        | Found a sparkling altar of Nemelex Xobeh.
   358 | D        | Found an iron altar of Okawaru.
   359 | D        | Found a stormy altar of Qazlal.
   360 | D        | Found a sacrificial altar of Ru.
   361 | D        | Found a shimmering blue altar of Sif Muna.
   362 | D        | Found a bloodstained altar of Trog.
   363 | D        | Found a hide-covered altar of Uskayaw.
   364 | D        | Became a worshipper of Makhleb the Destroyer
   365 | D        | Found a radiant altar of Vehumet.
   366 | D        | Found an ornate altar of the Wu Jian Council.
   367 | D        | Found a shimmering altar of Xom.
   368 | D        | Found a basalt altar of Yredelemnul.
   369 | D        | Found a glowing silver altar of Zin.
   370 | D        | Found a glowing golden altar of the Shining One.
   414 | D        | Noticed a bullfrog
   414 | D        | Noticed an ogre
   416 | D        | Reached skill level 11 in Unarmed Combat
   416 | D        | Reached XP level 5. HP: 41/41 MP: 4/4
   420 | D        | Reached * piety under Makhleb
   420 | D        | Reached skill level 12 in Unarmed Combat
   420 | D        | Reached skill level 1 in Armour
   422 | D        | Reached XP level 6. HP: 52/52 MP: 5/5
   428 | D        | Reached skill level 5 in Fighting
   429 | D        | Reached ** piety under Makhleb
   437 | D        | Noticed a sky beast
   437 | D        | Noticed a white ugly thing
   437 | D        | Noticed a white ugly thing
   443 | D        | Killed a sky beast
   443 | D        | Reached skill level 13 in Unarmed Combat
   443 | D        | Reached XP level 7. HP: 64/64 MP: 6/6
   456 | D        | Killed a white ugly thing
   456 | D        | Reached skill level 5 in Dodging
   456 | D        | Reached skill level 14 in Unarmed Combat
   456 | D        | Reached XP level 8. HP: 52/75 MP: 7/7
   467 | D        | Killed a brown ugly thing
   467 | D        | Reached *** piety under Makhleb
   467 | D        | Reached skill level 5 in Armour
   471 | D        | Reached skill level 10 in Fighting
   797 | D        | Noticed a yak
   797 | D        | Noticed a cane toad
   797 | D        | Noticed a cane toad
   797 | D        | Noticed a five-headed hydra
   799 | D        | Killed a yak
   799 | D        | Reached skill level 15 in Unarmed Combat
   805 | D        | Killed a cane toad
   805 | D        | Reached **** piety under Makhleb
   805 | D        | Reached XP level 9. HP: 79/86 MP: 8/8
   813 | D        | Mangled by a five-headed hydra

Illustrated notes

Levels and vault maps discovered:
D:        linesprint [early_d, line_temple, items_1, d_10, items_2, lair_1,
          lair_end, items_3, orc_1, orc_end, items_4, d_15, swamp_1, shoals_1,
          snake_1, spider_1, d_20, vaults_1, items_5, swamp_end, shoals_end,
          snake_end, spider_end, vaults_end, d_27, items_6, zot_1, zot_end,
          crypt_end, forest_end, elf_end, slime_end, tomb_end, abyss_end,
          pan_hell_end]

Skill      XL: |  1  2  3  4  5  6  7  8 |
---------------+-------------------------+-----
Unarmed Combat | 5 8 9 11 12 13 14 15 | 15.2
Fighting       | 4 6 8 10 | 10.8
Armour         | 1 3 4 6 |  6.1
Dodging        | 3 4 5 6 |  6.9
Throwing       | |  1.7

Action                   |  1- 3 |  4- 6 |  7- 9 || total
-------------------------+-------+-------+-------++-------
Melee: Unarmed           |    29 |    32 |    41 ||   102
       Punch             |       |     2 |     2 ||     4
  Use: Potion            |       |       |     1 ||     1
Armor: Leather armour    |     5 |     3 |       ||     8
       Ring mail         |       |     4 |    12 ||    16
Dodge: Dodged            |    17 |    16 |     8 ||    41

Table legend: (Time is in decaauts)
 A = Elapsed time spent in this place.
 B = Non-inter-level travel time spent in this place.
 C = Inter-level travel time spent in this place.
 D = Time resting spent in this place.
 E = Time spent auto-exploring this place.
 F = Levels seen in this place.
 G = Mean time per level.
                   A        B        C        D        E       F      G
               +--------+--------+--------+--------+--------+-----+--------+
         Total |    791 |    791 |      0 |    478 |     75 |   1 |  791.0 |
       Dungeon |    791 |    791 |      0 |    478 |     75 |   1 |  791.0 |
               +--------+--------+--------+--------+--------+-----+--------+

Top non-repeatable levels by time:
       D: 791 daAuts
